 Dungeon Crawl Stone Soup version 0.29.1-12-g30fa7ad0bf (webtiles) character file.

Game seed: 12802272909062696157

170 DemonSlayer the Digger (level 5, -2/36 HPs)
             Began as a Demonspawn Earth Elementalist on Dec 28, 2022.
             Slain by Grinder (4 damage)
             ... on level 4 of the Dungeon.
             The game lasted 00:06:34 (3162 turns).

DemonSlayer the Digger (DsEE)                       Turns: 3162, Time: 00:06:36

Health: -2/36      AC:  4    Str:  8    XL:     5   Next: 26%
Magic:  15/19      EV: 13    Int: 19    God:
Gold:   243        SH:  0    Dex: 13    Spells: 5/11 levels left

rFire   . . .      SeeInvis .   e - +0 hand axe (venom)
rCold   . . .      Faith    .   (no shield)
rNeg    . . .      Spirit   .   s - +0 leather armour
rPois   .          Reflect  .   (no helmet)
rElec   .          Harm     .   (no cloak)
rCorr   +          Rampage  .   (no gloves)
Will    .....                   q - +0 pair of boots
Stlth   ++........              (no amulet)
HPRegen 0.12/turn               d - ring of magical power
MPRegen 0.16/turn               k - ring of resist corrosion

@: no status effects
A: claws 1, repulsion field 1, foul stench 1
a: no special abilities


You were on level 4 of the Dungeon.
You visited 1 branch of the dungeon, and saw 4 of its levels.

You collected 243 gold pieces.

Inventory:

Hand Weapons
 e - a +0 hand axe of venom (weapon)
Armour
 m - an orb of energy
 q - a +0 pair of boots (worn)
 s - a +0 leather armour (worn)
Jewellery
 d - a ring of magical power (left claw)
 j - a ring of positive energy
 k - a ring of resist corrosion (right claw)
Wands
 o - a wand of paralysis (11)
Scrolls
 g - 2 scrolls of immolation {unknown}
 i - a scroll of fog {unknown}
 n - a scroll of magic mapping {unknown}
 p - 2 scrolls of teleportation {unknown}
 r - a scroll of enchant armour {unknown}
Potions
 b - 2 potions of attraction
 f - a potion of mutation
 h - 2 potions of might
 l - a potion of heal wounds {unknown}


   Skills:
 + Level 0.6 Fighting
 + Level 0.2 Axes
 + Level 1.9 Dodging
 + Level 1.9 Stealth
 + Level 3.6 Spellcasting
 + Level 0.8 Transmutations
 + Level 4.1 Earth Magic


You had 5 spell levels left.
You knew the following spells:

 Your Spells              Type           Power      Damage    Failure   Level
a - Sandblast             Erth           38%        2d10      3%          1
b - Passwall              Tmut/Erth      10%        N/A       11%         2
c - Stone Arrow           Conj/Erth      22%        3d8       26%         3

Your spell library contained the following spells:

 Spells                   Type           Power      Damage    Failure   Level
 Petrify                  Tmut/Erth      13%        N/A       58%         4


Dungeon Overview and Level Annotations

Branches:
Dungeon (4/15)
 Temple: D:4-7

Altars:
Sif Muna

Annotations:
D:1 1 transporter
D:4 Grinder


Innate Abilities, Weirdness & Mutations

You have sharp fingernails.
You are surrounded by a mild repulsion field. (EV +2)
You may rarely emit foul miasma when damaged in melee.


Message History

An adder is nearby!
An adder is nearby!
An adder is nearby!
An adder is nearby!
The blast of sand hits the adder!
You kill the adder!
You can't see any susceptible monsters within range! (Use Z to cast anyway.)
You can't see any susceptible monsters within range! (Use Z to cast anyway.)
You can't see any susceptible monsters within range! (Use Z to cast anyway.)
You see here an adder corpse.
You open the door.
Found a shimmering blue altar of Sif Muna.
As you open the door, it creaks loudly!
Found a mace.
Grinder comes into view.
Grinder is nearby!
Grinder is nearby!
An iguana comes into view.
The iguana hisses angrily.
You can't see any susceptible monsters within range! (Use Z to cast anyway.) Grinder shouts!
You can't see any susceptible monsters within range! (Use Z to cast anyway.)
An endoplasm comes into view.
The blast of sand hits Grinder but does no damage.
The endoplasm quivers.
Grinder hits you.
You writhe in agony.
The blast of sand hits Grinder!
Grinder is moderately wounded.
Grinder barely misses you. x2
The blast of sand hits Grinder!
Grinder is heavily wounded.
The iguana barely misses you. Grinder hits you.
You writhe in agony.
The blast of sand hits Grinder.
Grinder is heavily wounded.
The iguana bites you!
* * * LOW HITPOINT WARNING * * *
Grinder hits you!
* * * LOW HITPOINT WARNING * * *
You writhe in agony.
You die...

...........#...........
....#..##.###.###.###.##
.##.#..#.........).....#
.##.##...##.###.###.##..
....####.#........J..#.#
##..# ##...##.###.##...#
.'..# ##.#.#.......#.#.#
##..# #..#...##l##...#..
....# ##.#.#.#..@#.#.#.#
###.# ##...#...#.5.#...#
#.####.#.#.#...#.#.#.#
#......#...##.##$..#..
######.#.#.......#.#.#
##...##.###.##...#
##.#...........#.#
#..##.###.###.##..
##.............


You could see Grinder, an iguana and an endoplasm.

Vanquished Creatures
  A jelly (D:4)
  7 adders
  A worm (D:4)
  2 dart slugs
  An orc (D:3)
  8 bats
  9 endoplasms
  5 giant cockroaches
  5 hobgoblins
  3 jackals (D:2)
  3 kobolds
  3 quokkas
  9 ball pythons
  3 frilled lizards
  5 goblins
  4 rats
69 creatures vanquished.

Notes
Turn   | Place    | Note
-------+----------+-------------------------------------------
     0 | D:1      | DemonSlayer the Demonspawn Earth Elementalist began the
                  | quest for the Orb.
     0 | D:1      | Reached XP level 1. HP: 13/13 MP: 3/3
   141 | D:1      | Reached skill level 3 in Earth Magic
   315 | D:1      | Gained mutation: You are surrounded by a mild repulsion
                  | field. (EV +2) [demonic ancestry]
   315 | D:1      | Reached XP level 2. HP: 19/19 MP: 5/5
   318 | D:1      | Learned a level 2 spell: Passwall
  1109 | D:2      | Gained mutation: You have sharp fingernails. [demonic
                  | ancestry]
  1109 | D:2      | Reached XP level 3. HP: 24/24 MP: 6/6
  1902 | D:2      | Learned a level 3 spell: Stone Arrow
  2089 | D:3      | Gained mutation: You may rarely emit foul miasma when
                  | damaged in melee. [demonic ancestry]
  2089 | D:3      | Reached XP level 4. HP: 28/30 MP: 8/8
  2129 | D:3      | Found a faded altar of an unknown god.
  2269 | D:3      | Reached skill level 4 in Earth Magic
  2824 | D:4      | Reached XP level 5. HP: 21/35 MP: 10/10
  3117 | D:4      | Found a shimmering blue altar of Sif Muna.
  3152 | D:4      | Noticed Grinder
  3162 | D:4      | Slain by Grinder

Illustrated notes

Levels and vault maps discovered:
D:1:      spicycebolla_arrival_transporter_tutorial, layout_basic
D:2:      layout_basic, serial_bayou_pond_e, dreamdust_wishing_well
D:3:      layout_basic, dreamdust_ecumenical_altar_sealed_demon,
          kennysheep_generic_room_2
D:4:      layout_loops_ring, mainiacjoe_overflow_surrounded_room,
          mainiacjoe_overflow_chevrons, nicolae_concentric_dashed_squares_mild,
          kennysheep_generic_room_14, uniq_grinder, uniq_sigmund

Skill      XL: |  1  2  3  4 |
---------------+-------------+-----
Earth Magic    | 3 4 |  4.1
Spellcasting   | 3 |  3.6
Fighting       | |  0.6
Axes           | |  0.2
Dodging        | |  1.9
Stealth        | |  1.9
Transmutations | |  0.8

Action                   |  1- 3 |  4- 6 || total
-------------------------+-------+-------++-------
Melee: Unarmed           |     2 |       ||     2
       Hand axe          |    13 |       ||    13
 Cast: Sandblast         |    66 |    31 ||    97
  Use: Potion            |     1 |       ||     1
       Scroll            |       |     3 ||     3
 Stab: Sleeping          |     1 |       ||     1
Armor: Robe              |    14 |     3 ||    17
Dodge: Dodged            |    30 |    11 ||    41
